 Dungeon Crawl Stone Soup version 0.21-a0-125-gb006224 (webtiles) character file.

50 sagitran the Skirmisher (level 3, 0/30 HPs)
             Began as a Demonspawn Abyssal Knight on July 14, 2017.
             Was a Believer of Lugonu.
             Succumbed to an adder's poison
             ... on level 2 of the Dungeon.
             The game lasted 00:05:08 (1786 turns).

sagitran the Skirmisher (Demonspawn Abyssal Knight) Turns: 1786, Time: 00:05:09

Health: 0/30       AC:  3    Str: 13    XL:     3   Next: 55%
Magic:  4/4        EV: 11    Int: 11    God:    Lugonu [**....]
Gold:   63         SH:  0    Dex: 12    Spells: 2/2 levels left

rFire    + . .     SeeInvis .   a - +1 hand axe
rCold    . . .     Gourm    .   (no shield)
rNeg     . . .     Faith    .   b - +0 leather armour
rPois    .         Spirit   .   i - +0 hat
rElec    .         Reflect  .   (no cloak)
rCorr    .         Harm     .   (no gloves)
MR       .....                  (no boots)
Stlth    ++........             (no amulet)
HPRegen  0.10/turn              d - -2 ring of intelligence (curse)
MPRegen  0.09/turn              g - ring of stealth

@: lethally poisoned (0 -> -3), very slightly contaminated
A: horns 1, fire resistance 1
a: Depart the Abyss, Bend Space, Renounce Religion


You were on level 2 of the Dungeon.
You worshipped Lugonu.
Lugonu was pleased with you.
You were not hungry.

You visited 1 branch of the dungeon, and saw 2 of its levels.
You visited the Abyss 1 time.

You collected 63 gold pieces.

Inventory:

Hand Weapons
 a - a +1 hand axe (weapon)
Armour
 b - a +0 leather armour (worn)
 i - a +0 hat (worn)
Jewellery
 d - a cursed -2 ring of intelligence (left hand)
 g - a ring of stealth (right hand)
Scrolls
 h - a scroll of immolation {unknown}
 j - a scroll of identify {unknown}
 l - a scroll of random uselessness {unknown}
 m - a scroll of teleportation {unknown}
 n - a scroll of remove curse {unknown}
 o - a scroll of magic mapping {unknown}
Comestibles
 c - a bread ration
 f - a royal jelly
 k - 2 meat rations


   Skills:
 + Level 3.7 Fighting
 + Level 2.4 Axes
 + Level 2.0 Armour
 + Level 1.1 Dodging
 + Level 0.4 Stealth
 + Level 2.5 Invocations


You had 2 spell levels left.
You didn't know any spells.

Dungeon Overview and Level Annotations

Branches:
Dungeon (2/15)

Altars:


Innate Abilities, Weirdness & Mutations

You have a pair of small horns on your head.
Your flesh is heat resistant. (rF+)


Message History

You feel sick.
Found a fruit.
The adder barely misses you.
* * * LOW HITPOINT WARNING * * *
You feel sick.
You hit the adder.
The adder is lightly wounded.
The adder bites you.
* * * LOW HITPOINT WARNING * * *
The adder bites you.
* * * LOW HITPOINT WARNING * * *
You aren't carrying any potions.
Blink to where?
Press: ? - help, Dir - move target cursor You are very lightly contaminated with residual magic.
As you read the scroll labeled ECASAO ZYASEAQ, it crumbles to dust.
It was a scroll of blinking.
* * * LOW HITPOINT WARNING * * *
You feel sick.
You die...

##....... #....##..
# #....##.## .#
####........##.#
...#....##.....###
...#....#†.......#
...#......#.####.#
...#...<.......#.#
.....÷.h###.##.#@#
........# #... #.#
...#...h########.##
...##.hh.h§S%.....#
###################


There were no monsters in sight!

Vanquished Creatures
  2 oozes
  2 leopard geckos (D:1)
  A giant cockroach (D:1)
  5 goblins
  6 hobgoblins
  5 jackals
  8 kobolds
  4 bats
  3 frilled lizards
  A rat (D:1)
37 creatures vanquished.

Notes
Turn   | Place    | Note
-------+----------+-------------------------------------------
     0 | Abyss:1  | sagitran the Demonspawn Abyssal Knight began the quest for the Orb.
     0 | Abyss:1  | Reached XP level 1. HP: 18/18 MP: 2/2
    22 | D:1      | Escaped the Abyss
   288 | D:1      | Reached skill level 1 in Dodging
   574 | D:1      | Gained mutation: Your flesh is heat resistant. (rF+) [demonic ancestry]
   574 | D:1      | Reached XP level 2. HP: 17/24 MP: 3/3
   961 | D:2      | Reached ** piety under Lugonu
  1012 | D:2      | Gained mutation: You have a pair of small horns on your head. [demonic ancestry]
  1012 | D:2      | Reached XP level 3. HP: 8/29 MP: 4/4
  1031 | D:1      | HP: 1/29 [kobold (1)]
  1783 | D:2      | HP: 1/30 [poisoned by an adder]
  1786 | D:2      | Succumbed to an adder's poison

Vault maps used:
D:1:      dpeg_arrival_line_fractal, minmay_misc_feat_cross
D:2:      kb_forest_paths, nicolae_overflow_hidden_temple
Abyss:1:  hangedman_abyss_or_decor_stagger

Skill      XL: |  1  2 |
---------------+-------+-----
Dodging        | 1 |  1.1
Axes           | 2 |  2.4
Armour         | 2 |  2.0
Fighting       | |  3.7
Stealth        | |  0.4
Invocations    | |  2.5

Action                   || total
-------------------------++-------
Melee: Hand axe          ||   118
       Headbutt          ||     4
  Use: Scroll            ||     1
 Stab: Sleeping          ||     2
  Eat: Bread ration      ||     1
Armor: Leather armour    ||    38
Dodge: Dodged            ||   126
